Kradschützen Motorcycle Team
Construct Light Support Kompanie
Selects Defensive Operations
Construct Mechanized Kompanie
Selects Registered Artillery
Marder III Tank Destroyer
Selects Prepared Positions
18-tonne Recovery Half-track
Construct Panzerarmee Kommand
Selects Obice 305mm Barrage
le.IG 18 Mechanized Group
Walking Stuka Rocket Launcher
Walking Stuka Rocket Launcher
Selects Towed Cannone da 105/28 Field Howitzer
Walking Stuka Rocket Launcher